 Dungeon Crawl Stone Soup version 0.25.0-46-gbd7b0854d2 (webtiles) character file.

Game seed: 2293776213769024323

124 funkygono the Magician (level 4, -4/39 HPs)
             Began as a Troll Wizard on July 14, 2020.
             Killed by divine providence
             ... invoked by an orc priest
              (9 damage)
             ... on level 3 of the Dungeon.
             The game lasted 00:04:58 (2017 turns).

funkygono the Magician (Troll Wizard)               Turns: 2017, Time: 00:04:58

Health: -4/39      AC:  6    Str: 16    XL:     4   Next: 81%
Magic:  7/7        EV: 10    Int: 14    God:
Gold:   130        SH:  0    Dex:  8    Spells: 7/8 levels left

rFire    . . .     SeeInvis .     - Unarmed
rCold    . . .     Gourm    +   (no shield)
rNeg     . . .     Faith    .   a - +0 robe
rPois    .         Spirit   .   b - +0 hat
rElec    .         Reflect  .   (no cloak)
rCorr    .         Harm     .   (gloves unavailable)
MR       .....                  (boots unavailable)
Stlth    +.........             (no amulet)
HPRegen  0.53/turn              q - ring of flight
MPRegen  0.10/turn              (no ring)

@: lethally poisoned (-4 -> -5), very slightly contaminated, slowed, very slow
A: large, unfitting armour, claws 3, fast metabolism 3, gourmand, regeneration
1, shaggy fur 1, tough skin 3
a: Evoke Flight


You were on level 3 of the Dungeon.
You were completely stuffed.

You visited 1 branch of the dungeon, and saw 3 of its levels.

You collected 130 gold pieces.

Inventory:

Missiles
 e - 53 stones (quivered)
Armour
 a - a +0 robe (worn)
 b - a +0 hat (worn)
Magical Staves
 j - an uncursed staff of air
Jewellery
 q - a ring of flight (left claw)
Wands
 n - a wand of enslavement (7)
Scrolls
 f - 3 scrolls of fog
 g - a scroll of immolation
 h - 5 scrolls of remove curse
 o - 2 scrolls of teleportation {unknown}
 r - 3 scrolls of magic mapping
Potions
 c - a potion of stabbing
 i - 2 potions of heal wounds
 k - 2 potions of curing
 l - a potion of degeneration {unknown}
 m - a potion of might {unknown}
Comestibles
 d - 6 rations
 p - 9 chunks of flesh


   Skills:
 + Level 0.3 Fighting
 + Level 2.2 Dodging
 - Level 1.0 Stealth
 + Level 2.0 Unarmed Combat
 + Level 2.8 Spellcasting
 + Level 1.1 Conjurations
   Level 0.6 Summonings
   Level 0.6 Translocations


You had 7 spell levels left.
You knew the following spells:

 Your Spells              Type           Power        Failure   Level  Hunger
a - Magic Dart            Conj           #...         14%         1    #......

Your spell library contained the following spells:

 Spells                   Type           Power        Failure   Level  Hunger
 Blink                    Tloc           N/A          26%         2    ###....
 Call Imp                 Summ           #.......     26%         2    ###....
 Slow                     Hex            #.......     32%         2    ###....
 Conjure Flame            Conj/Fire      #.......     45%         3    ###....
 Mephitic Cloud           Conj/Pois/Air  #.......     50%         3    ###....


Dungeon Overview and Level Annotations

Branches:
Dungeon (3/15)

Altars:
Ashenzari


Innate Abilities, Weirdness & Mutations

You are too large for most types of armour.
You have claws for hands.
Your metabolism is lightning-fast.
You like to eat raw meat.
Your natural rate of healing is unusually fast.
You are covered in fur. (AC +1)
You have extremely tough skin. (AC +3)


Message History

The orc wizard casts a spell at you.
You feel yourself slow down. The orc completely misses you.
A goblin comes into view.
An orc comes into view. It is wielding a +0 hand axe.
You feel sick. The orc barely misses you.
The orc moves out of view.
You feel sick.
The orc hits you from afar with a +0 trident.
* * * LOW HITPOINT WARNING * * *
The orc wizard hits you but does no damage.
You feel sick.
The orc wizard mumbles some strange words.
The orc wizard seems to speed up.
You hear a shout!
You feel sick. The orc wizard casts a spell at you. The magic dart hits you.
* * * LOW HITPOINT WARNING * * *
The orc priest mumbles some strange prayers to Beogh against you.
Beogh smites you!
You die...

...<.....#####.#.#. #.#
.........# #.#.# .##
#######.## #.#.## ..# #.#
#.#..# ..# ...# #.# #.##.#
.. ...... #.# #รท##.## .#
........ #.#
##.##..###.#..### ..
#.#####..#...oo...g.... .
#.#.......@...o..####....##
#.......#######.o# .....
...###..# #....# .# #.##
##.#.... #. #. .###.# #o..
#. .o ..... #. ... ... ..
.. .o # . #


You could see an orc priest, an orc wizard (fast) and 2 orcs.

Vanquished Creatures
  Natasha (D:3)
  6 adders
  An ooze (D:1)
  2 dart slugs
  A leopard gecko (D:2)
  An orc (D:3)
  2 giant cockroaches (D:3)
  4 goblins
  7 hobgoblins
  3 jackals (D:3)
  A quokka (D:2)
  A ball python (D:1)
  A bat (D:3)
  3 kobolds
  4 rats
38 creatures vanquished.

Notes
Turn   | Place    | Note
-------+----------+-------------------------------------------
     0 | D:1      | funkygono the Troll Wizard began the quest for the Orb.
     0 | D:1      | Reached XP level 1. HP: 16/16 MP: 2/2
   364 | D:1      | Reached XP level 2. HP: 24/24 MP: 0/4
  1005 | D:2      | Reached XP level 3. HP: 19/31 MP: 1/5
  1566 | D:3      | Found a shattered altar of Ashenzari.
  1578 | D:3      | Reached skill level 1 in Unarmed Combat
  1656 | D:3      | Reached skill level 1 in Conjurations
  1656 | D:3      | Reached XP level 4. HP: 34/39 MP: 2/7
  1902 | D:3      | Noticed Natasha
  1925 | D:3      | Killed Natasha
  2017 | D:3      | Killed from afar by an orc priest

Illustrated notes

Levels and vault maps discovered:
D:1:      minmay_arrival_nine_rooms, layout_rooms, grunt_decor_cap,
          dk_noncrumbling_3
D:2:      layout_loops_ring, first_ration
D:3:      layout_rooms, nicolae_ashenzari_panopticon, uniq_natasha

Skill      XL: |  1  2  3  4 |
---------------+-------------+-----
Dodging        | 2 |  2.2
Unarmed Combat | 1 2 |  2.0
Conjurations   | 1 |  1.1
Fighting       | |  0.3
Stealth        | |  1.0
Spellcasting   | |  2.8
Summonings     | |  0.6
Translocations | |  0.6

Action                   |  1- 3 |  4- 6 || total
-------------------------+-------+-------++-------
Melee: Unarmed           |    81 |    56 ||   137
 Cast: Magic Dart        |    27 |    11 ||    38
  Use: Scroll            |     9 |       ||     9
  Eat: Chunk             |    18 |     3 ||    21
       Ration            |     1 |       ||     1
Armor: Robe              |    25 |    21 ||    46
Dodge: Dodged            |    29 |    34 ||    63
